 Dungeon Crawl Stone Soup version 0.32-a0-401-g0bcb2a7693 (webtiles) character file.

Game seed: 3326716769493662428

1614158 EnegeticOcto the Caster of Ruination (level 27, 156/156 HPs)
             Began as a Vine Stalker Necromancer on Feb 20, 2024.
             Was a Believer of Vehumet.
             Escaped with the Orb
             ... and 3 runes!
             The game lasted 03:35:59 (78466 turns).

EnegeticOcto the Caster of Ruination (VSNe)        Turns: 78466, Time: 03:36:00

Health: 156/156    AC: 29    Str: 13    XL:     27
Magic:  58/58      EV: 26    Int: 36    God:    Vehumet [**....]
Gold:   4737       SH: 22    Dex: 17    Spells: 10/66 levels left

rFire   + + +        b - +10 lance "Wyrmbane" {slay drac, rPois rF+ rC+ AC+3}
rCold   + + .        q - +8 kite shield of Qacwaw {Rampage Int+2}
rNeg    + + .        K - +6 acid dragon scales
rPois   +            J - +3 hat of Pondering {ponderous, Will+ MP+10 Int+5}
rElec   +            I - +1 cloak of Starlight {*Dazzle EV+4 Stlth--}
rCorr   +            A - +2 pair of gloves {Dex+3}
SInv    .            Y - +2 pair of boots
Will    ++++.        w - amulet of the Imbibing Priest {RegenMP Int+4 Slay+2} Stlth
                     L - ring of Reimbursement {Ice rN++ rCorr Int+2 Dex-3}
HPRegen 1.26/turn    U - ring "Qyorghee" {rElec rF+++ EV+5}
MPRegen 0.76/turn

%: guardian spirit, rampage
@: studying 4 skills, slow
A: fangs 3, regeneration 1, magic shield, antimagic bite, no potion heal 2,
talons 2, iridescent scales 1, clumsy 1, deformed body, deterioration 1
0: Orb of Zot
}: 3/15 runes: serpentine, barnacled, silver
a: Renounce Religion


You escaped.
You worshipped Vehumet.
Vehumet was pleased with you.
You visited 10 branches of the dungeon, and saw 50 of its levels.
You visited 1 bazaar.
You also visited: Bailey, Gauntlet and Desolation.

You collected 9568 gold pieces.
You spent 4831 gold pieces at shops.

Inventory:

Hand Weapons
 b - the +10 lance "Wyrmbane" (weapon) {slay drac, rPois rF+ rC+ AC+3}
   (You took it off a red draconian on level 1 of the Realm of Zot)

   AC+3:      It affects your AC (+3).
   rF+:       It protects you from fire.
   rC+:       It protects you from cold.
   rPois:     It protects you from poison
 T - a +5 short sword of distortion
   (You took it off Sonja on level 10 of the Dungeon)
Missiles
 H - 10 throwing nets {!f}
 N - 10 curare-tipped darts (quivered)
Armour
 q - the +8 kite shield of Qacwaw (worn) {Rampage Int+2}
   (You acquired it on level 1 of the Elven Halls)

   Int+2:     It affects your intelligence (+2).
   Rampage:   It bestows one free step when moving towards enemies.
 A - a +2 pair of gloves of dexterity (worn)
   (You found it on level 4 of the Shoals)
 I - the +1 cloak of Starlight (worn) {*Dazzle EV+4 Stlth--}
   (You bought it in a shop in a bazaar)

   *Dazzle:   It may blind those who miss an attack against the wearer in melee
   combat.
   EV+4:      It affects your evasion (+4).
   Stlth--:   It makes you much less stealthy.
 J - the +3 hat of Pondering (worn) {ponderous, Will+ MP+10 Int+5}
   (You found it on level 2 of the Shoals)

   Int+5:     It affects your intelligence (+5).
   Will+:     It increases your willpower.
   MP+10:     It affects your magic capacity (+10).
 K - +6 acid dragon scales (worn)
   (You found it on level 9 of the Dungeon)
 Y - a +2 pair of boots (worn)
   (You found it on level 3 of the Lair of Beasts)
Magical Staves
 a - a staff of conjuration
   (You found it on level 2 of the Shoals)
Jewellery
 u - the ring of the Pure Olives {Ice Int+5}
   (You found it on level 4 of the Vaults)

   [ring of ice]

   Ice:       It enhances your ice magic.
   Int+5:     It affects your intelligence (+5).
   rF-:       It makes you vulnerable to fire.
   rC+:       It protects you from cold.
 w - the amulet of the Imbibing Priest (around neck) {RegenMP Int+4 Slay+2}
   (You took it off a deep elf annihilator on level 3 of the Elven Halls)

   [amulet of magic regeneration]

   RegenMP:   It increases your rate of magic regeneration.
   Int+4:     It affects your intelligence (+4).
   Slay+2:    It affects your accuracy & damage with ranged weapons and melee
   (+2).
 L - the ring of Reimbursement (left hand) {Ice rN++ rCorr Int+2 Dex-3}
   (You bought it in a shop on level 1 of the Shoals)

   [ring of ice]

   Ice:       It enhances your ice magic.
   Int+2:     It affects your intelligence (+2).
   Dex-3:     It affects your dexterity (-3).
   rF-:       It makes you vulnerable to fire.
   rC+:       It protects you from cold.
   rN++:      It greatly protects you from negative energy.
   rCorr:     It protects you from acid and corrosion.
 O - an amulet of faith
   (You found it on level 8 of the Dungeon)
 R - the ring of Caxkuas {Ice Fly Will++ Slay+2 Stlth+}
   (You found it on level 1 of the Vaults)

   [ring of ice]

   Ice:       It enhances your ice magic.
   Slay+2:    It affects your accuracy & damage with ranged weapons and melee
   (+2).
   rF-:       It makes you vulnerable to fire.
   rC+:       It protects you from cold.
   Will++:    It greatly increases your willpower.
   Fly:       It grants you flight.
   Stlth+:    It makes you more stealthy.
 U - the ring "Qyorghee" (right hand) {rElec rF+++ EV+5}
   (You took it off a minotaur in a Gauntlet)

   [ring of evasion]

   EV+5:      It affects your evasion (+5).
   rF+++:     It renders you almost immune to fire.
   rElec:     It insulates you from electricity.
Wands
 d - a wand of polymorph (12)
   (You found it on level 15 of the Dungeon)
 j - a wand of light (9) {@v1}
   (You found it on level 4 of the Lair of Beasts)
 v - a wand of mindburst (22)
   (You found it on level 4 of the Lair of Beasts)
 B - a wand of charming (49)
   (You found it on level 5 of the Dungeon)
 V - a wand of roots (34) {@v2}
   (You found it on level 12 of the Dungeon)
 W - a wand of digging (36) {@v3}
   (You found it on level 4 of the Lair of Beasts)
Scrolls
 e - 6 scrolls of vulnerability
 f - 9 scrolls of fear {!r}
 g - 17 scrolls of fog {!r}
 h - 18 scrolls of teleportation {@r3 !r}
 n - 7 scrolls of poison {!r}
 p - 2 scrolls of enchant armour
 r - 7 scrolls of blinking {@r4}
 s - 3 scrolls of revelation {@r5 !r}
 t - 5 scrolls of silence {!r}
 y - 3 scrolls of butterflies {!r}
 S - 6 scrolls of immolation
Potions
 i - 3 potions of brilliance
 k - 7 potions of might {@q3 !q}
 l - 3 potions of berserk rage
 m - 8 potions of lignification {@q6}
 o - 3 potions of magic
 x - 2 potions of invisibility
 z - 4 potions of haste {@q4 !q}
 C - 9 potions of attraction
 D - 8 potions of mutation
 G - a potion of resistance
 M - 15 potions of curing {@q1 !q}
 P - 6 potions of enlightenment
 Q - 4 potions of ambrosia
 X - 3 potions of cancellation
Miscellaneous
 c - a box of beasts
   (You found it in a Gauntlet)
 E - a lightning rod (4/4)
   (You found it in a Gauntlet)
 F - a phantom mirror
   (You found it on level 5 of the Lair of Beasts)
 Z - a condenser vane
   (You found it on level 5 of the Lair of Beasts)


   Skills:
 - Level 20.0 Fighting
 + Level 11.7 Armour
 + Level 12.4 Dodging
 - Level 3.0 Stealth
 - Level 15.0 Shields
 - Level 20.0 Spellcasting
 + Level 19.8 Conjurations
 - Level 10.0 Summonings
 - Level 5.0 Necromancy
 - Level 16.0 Earth Magic
 - Level 10.0 Alchemy
 - Level 20.0 Invocations
 - Level 6.0 Evocations


You had 10 spell levels left.
You knew the following spells:

 Your Spells              Type           Power      Damage    Failure   Level
a - Lehudib's Crystal Sp  Conj/Erth      52%        10d12     9%          8
b - Spellforged Servitor  Conj/Summ      48%        N/A       4%          7
c - Lee's Rapid Deconstr  Erth           50%        3d24*     1%          5
d - Borgnjor's Vile Clut  Necr/Erth      42%        N/A       1%          5
e - Apportation           Tloc           72%        N/A       1%          1
f - Summon Small Mammal   Summ           100%       N/A       1%          1
g - Searing Ray           Conj           100%       2d8       0%          2
h - Stone Arrow           Conj/Erth      100%       3d13      0%          3
i - Orb of Destruction    Conj           54%        9d14      1%          7
j - Fulminant Prism       Conj/Alch      48%        3d20      1%          4
k - Vampiric Draining     Necr           64%        2d10      1%          3
p - Passwall              Erth           100%       N/A       0%          3
z - Irradiate             Conj/Alch      48%        3d27      1%          5
Y - Blink                 Tloc           72%        N/A       3%          2

Your spell library contained the following spells:

 Spells                   Type           Power      Damage    Failure   Level
 Maxwell's Capacitive Co  Air            18%        ∞         100%        8
 Polar Vortex             Ice            26%        12d3*     100%        9
 Kiss of Death            Conj/Necr      100%       2d13      0%          1
 Sandblast                Erth           100%       2d20      0%          1
 Sting                    Conj/Alch      100%       1d9       0%          1
 Foxfire                  Conj/Fire      100%       2x1d9     1%          1
 Necrotise                Necr           100%       1d9       1%          1
 Shock                    Conj/Air       100%       1d9       1%          1
 Slow                     Hex            100%       N/A       1%          1
 Cigotuvi's Dreadful Rot  Necr/Alch/Air  100%       N/A       1%          2
 Mercury Vapours          Alch/Air       100%       N/A       1%          2
 Momentum Strike          Conj/Tloc      100%       3d10      1%          2
 Static Discharge         Conj/Air       100%       3-8/arc   1%          2
 Call Canine Familiar     Summ           82%        N/A       1%          3
 Dazzling Flash           Conj/Hex       100%       N/A       1%          3
 Fugue of the Fallen      Necr           64%        N/A       1%          3
 Hailstorm                Conj/Ice       100%       3d16      1%          3
 Mephitic Cloud           Conj/Alch/Air  82%        N/A       1%          3
 Summon Ice Beast         Ice/Summ       82%        N/A       1%          3
 Animate Armour           Summ/Erth      100%       N/A       1%          4
 Flame Wave               Conj/Fire      82%        2d18      1%          4
 Iskenderun's Mystic Bla  Conj/Tloc      82%        2d16      1%          4
 Leda's Liquefaction      Alch/Erth      46%        N/A       1%          4
 Martyr's Knell           Necr/Summ      74%        N/A       1%          4
 Petrify                  Alch/Erth      92%        N/A       1%          4
 Alistair's Intoxication  Alch           54%        N/A       1%          5
 Arcjolt                  Conj/Air       41%        1d51      1%          5
 Fireball                 Conj/Fire      41%        3d17      1%          5
 Iskenderun's Battlesphe  Conj           100%       2d15      1%          5
 Bombard                  Conj/Erth      52%        9d9       1%          6
 Animate Dead             Necr           64%        N/A       2%          4
 Dispel Undead            Necr           64%        3d22      2%          4
 Ignite Poison            Fire/Alch      64%        N/A       2%          4
 Sticky Flame             Fire/Alch      64%        2d11      2%          4
 Summon Blazeheart Golem  Fire/Summ      64%        N/A       2%          4
 Summon Lightning Spire   Summ/Air       64%        N/A       2%          4
 Ensorcelled Hibernation  Hex/Ice        100%       N/A       3%          2
 Jinxbite                 Hex            72%        N/A       3%          2
 Lesser Beckoning         Tloc           72%        N/A       3%          2
 Freezing Cloud           Conj/Ice/Air   45%        6-21      3%          5
 Conjure Ball Lightning   Conj/Air       41%        3x3d13    5%          6
 Eringya's Noxious Bog    Alch           41%        4d6       5%          6
 Starburst                Conj/Fire      41%        6d12      5%          6
 Confusing Touch          Hex            36%        N/A       6%          3
 Frozen Ramparts          Ice            100%       1d16      6%          3
 Gell's Gravitas          Tloc           36%        N/A       6%          3
 Inner Flame              Hex/Fire       36%        N/A       6%          3
 Ozocubu's Armour         Ice            52%        N/A       6%          3
 Sigil of Binding         Hex            36%        N/A       6%          3
 Swiftness                Air            36%        N/A       6%          3
 Teleport Other           Tloc           36%        N/A       6%          3
 Tukima's Dance           Hex            36%        N/A       6%          3
 Anguish                  Hex/Necr       26%        N/A       8%          4
 Curse of Agony           Necr           64%        N/A       8%          5
 Yara's Violent Unravell  Hex/Alch       32%        3d13      8%          5
 Airstrike                Air            18%        2d(3-19)  21%         4
 Cause Fear               Hex            18%        N/A       21%         4
 Dimensional Bullseye     Hex/Tloc       18%        N/A       21%         4
 Passage of Golubria      Tloc           36%        N/A       21%         4
 Vhi's Electric Charge    Tloc/Air       72%        N/A       21%         4
 Death Channel            Necr           32%        N/A       38%         6
 Sculpt Simulacrum        Ice/Alch       41%        N/A       38%         6
 Metabolic Englaciation   Hex/Ice        26%        N/A       50%         5
 Silence                  Hex/Air        18%        N/A       50%         5
 Haunt                    Necr/Summ      37%        N/A       63%         7
 Summon Horrible Things   Summ           41%        N/A       92%         8
 Shatter                  Erth           50%        3d38*     96%         9
 Plasma Beam              Fire/Air       18%        2x1d29    97%         6
 Enfeeble                 Hex            18%        N/A       100%        7
 Disjunction              Tloc           18%        N/A       100%        8
 Ignition                 Fire           18%        3d7       100%        8
 Infestation              Necr           32%        N/A       100%        8
 Chain Lightning          Conj/Air       41%        3d54      100%        9
 Dragon's Call            Summ           41%        N/A       100%        9


Dungeon Overview and Level Annotations

Branches:
Dungeon (15/15)            Temple (0/1) D:7            Lair (5/5) D:9
 Shoals (4/4) Lair:3        Snake (4/4) Lair:2        Slime (0/5) Lair:4
    Orc (2/2) D:12            Elf (3/3) Orc:2        Vaults (5/5) D:14
  Crypt (3/3) Vaults:3       Tomb (0/3) Crypt:3      Depths (4/4) D:15
    Zot (5/5) Depths:4     Bailey (visited)         Desolation (visited)
Gauntlet (visited)

Altars:
Dithmenos
Gozag
Kikubaaqudgha
Makhleb
Okawaru
Ru
Sif Muna
Trog
Uskayaw
Vehumet
Wu Jian
Xom
Zin
Beogh

Shops:
Orc:1 =   Orc:2 ((==*   Elf:3 *(   Shoals:1 =   Snake:1 !   Snake:2 ::=
Vaults:2 :   Vaults:3 :   Depths:1 :   Depths:4 :[*

Portals:
Hell: Depths:1 Depths:2 Depths:3 Depths:4
Abyss: Depths:3 Depths:4
Pandemonium: Depths:2
Ziggurat: Depths:3
Trove: Elf:1 (give 8 potions of haste)

Annotations:
D:8 1 runed translucent door, Drangen's ghost, novice GrEE
D:10 1 runed translucent door, exclusion: door
Lair:1 3 runed translucent doors, Cosoff's ghost, journeyman MiFi
Crypt:1 1 runed translucent door, exclusion: door, iamserjio's ghost, veteran OpWn
Crypt:2 1 runed translucent door, exclusion: door, Upnaxuh's ghost, adept DgIE
Depths:1 1 runed translucent door
Depths:3 2 transporters, Xaosyiw's ghost, adept DECj
Zot:5 2 exclusions


Innate Abilities, Weirdness & Mutations

You have razor-sharp teeth.
Your natural rate of healing is unusually fast.
When hurt, damage is shared between your health and your magic reserves.
Your bite disrupts and absorbs the magic of your enemies.
Potions cannot restore your health.
You have razor-sharp toenails.
You are partially covered in iridescent scales. (AC +2)
You are clumsy. (Dex -2)
Armour fits poorly on your strangely shaped body.
Your body sometimes deteriorates upon taking damage.


Message History

There is a stone staircase leading up here.
You climb upwards.
Magic restored.
There is a stone staircase leading down here.
You see here a +0 spear.
There is a stone staircase leading up here.
You climb upwards.
Level annotation: 1 runed translucent door, exclusion: door
There is a stone staircase leading down here.
There is a stone staircase leading up here.
Things that are here:
a +0 sling; a +0 scimitar You climb upwards.
There is a stone staircase leading down here.
Things that are here:
a +0 robe; a +0 morningstar
There is a stone staircase leading up here.
You climb upwards.
Level annotation: 1 runed translucent door, Drangen's ghost, novice GrEE
There is a stone staircase leading down here.
There is a stone staircase leading up here.
You climb upwards.
There is a stone staircase leading down here.
There is a stone staircase leading up here.
You climb upwards.
A rust devil comes into view.
There is a stone staircase leading down here.
Unknown command.
Unknown command.
Unknown command.
Casting: Lehudib's Crystal Spear (dangerous; 9% risk of failure)
Confirm with . or Enter, or press ? or * to list all spells.
Aiming: Lehudib's Crystal Spear (dangerous; 9% risk of failure)
Press: ? - help, Shift-Dir - straight line, f - rust devil
Aim: a rust devil (87% to hit)
The crystal spear hits the rust devil!!!
You kill the rust devil!
Vehumet accepts your kill.
You feel your power returning.
(D) Dungeon (T) Temple (L) Lair (A) Shoals (P) Snake Pit (M) Slime Pits (O) Orcish Mines (E) Elven Halls (V) Vaults (C) Crypt (W) Tomb (U) Depths (H) Hell (Z) Zot
Where to? (Tab/Enter - D:1 @ (x,y), ? - help) Magic restored.
You see here a +0 whip.
Things that are here:
a +0 leather armour; a +0 whip You see here a +0 spear.
There is an open door here.
There is a stone staircase leading up here.
You climb upwards.
There is a stone staircase leading down here.
An orange demon comes into view.
Unknown command.
Unknown command.
Unknown command.
Casting: Lehudib's Crystal Spear (dangerous; 9% risk of failure)
Confirm with . or Enter, or press ? or * to list all spells.
Aiming: Lehudib's Crystal Spear (dangerous; 9% risk of failure)
Press: ? - help, Shift-Dir - straight line, f - orange demon
Aim: an orange demon (90% to hit)
The crystal spear hits the orange demon!!!!
You kill the orange demon!
Vehumet accepts your kill.
You feel your power returning.
(D) Dungeon (T) Temple (L) Lair (A) Shoals (P) Snake Pit (M) Slime Pits (O) Orcish Mines (E) Elven Halls (V) Vaults (C) Crypt (W) Tomb (U) Depths (H) Hell (Z) Zot
Where to? (Tab/Enter - D:1 @ (x,y), ? - help)
There is an open door, spattered with blood here.
Items here: ))) [[ ÷÷.
Things that are here:
a +0 leather armour; a +0 club; an orc skeleton Magic restored.
There is an open door here.
There is a stone staircase leading up here.
You climb upwards.
There is a stone staircase leading down here.
There is a stone staircase leading up here.
You climb upwards.
There is a stone staircase leading down here.
There is a dry fountain here.
There is an open door here.
There is an open door here.
There is a fountain of clear blue water here.
There is a stone staircase leading up here.
You climb upwards.
There is a stone staircase leading down here.
There is an escape hatch in the floor here.
You see here 4 stones.
There is a stone staircase leading up here.
You climb upwards.
There is a stone staircase leading down here.
You enter the shallow water.
Moving in this stuff is going to be slow.
There is a staircase leading out of the dungeon here.
Unknown command.
Unknown command.
You have escaped!

.......#.........................
..........#...........#..........
........###....................##
............~~≈.~~≈≈...........#
...##......~≈≈≈≈~≈≈≈≈..........#
#####.#.##≈≈≈≈≈≈≈~≈≈≈..##..#...#
# #.#.##≈≈≈≈≈~~~~≈≈#####.....# #
#.....~≈≈~~...~≈≈# ###...# #
#.#..≈≈≈≈~.©@©.~≈## #...# #
#.#..≈≈≈≈~~.⌠.~~≈.## ####..##
#####.#.)~≈≈≈≈≈~~~~≈≈..###.......
........≈≈≈≈≈≈≈≈≈≈≈≈~#...#.......
...##.##≈≈≈~~~≈≈≈≈≈≈####.........
........≈≈~.⌠.~~≈≈≈≈# ###.......
........≈~.©>©.~≈≈≈≈######.......
........≈~~...~≈≈≈≈..............
........≈≈~~.~~≈≈≈≈##########..##


There were no monsters in sight!

Vanquished Creatures
  Frederick (Crypt:1)
  6 dread liches
  An ancient lich (Zot:5)
  2 orbs of fire
  A royal mummy (Depths:2)
  Vv (Crypt:2)
  Sojobo (Crypt:2)
  Bai Suzhen (Shoals:2)
  Vashnia (Snake:3)
  Boris (Crypt:2)
  2 Killer Klowns
  4 curse toes
  8 golden dragons
  A Tzitzimitl (Depths:4)
  A hellephant (D:13)
  5 liches
  2 walking crystal tomes
  12 tentacled monstrosities
  13 Orb Guardians (Zot:5)
  2 titans (Vaults:5)
  2 deep elf master archers (Elf:3)
  7 quicksilver dragons
  5 sphinxes
  A walking frostbound tome (Depths:1)
  4 deep elf blademasters (Elf:3)
  2 krakens (Shoals:2)
  An ancient champion (Crypt:1)
  4 shadow dragons
  8 storm dragons
  4 death cobs
  An Executioner (Depths:1)
  5 tengu reavers
  Agnes (Snake:1)
  Ilsuiw (Shoals:2)
  8 protean progenitors
  A revenant (Crypt:2)
  Aizul (Shoals:1)
  7 nagarajas
  4 draconian knights
  8 fire giants
  4 draconian scorchers
  15 vault wardens
  An imperial myrmidon (Desolation)
  4 draconian shifters
  3 ghost moths
  2 spectral juggernauts (Depths:2)
  5 draconian monks
  6 iron dragons
  3 deep elf elementalists (Elf:3)
  6 frost giants
  A caustic shrike zombie (Crypt:3)
  2 ghouls
  3 draconian stormcallers
  13 ironbound preservers
  A curse skull (Crypt:2)
  6 deep elf sorcerers
  A spriggan defender (Depths:3)
  2 broodmothers (Zot:1)
  5 draconian annihilators
  10 stone giants
  A formless jellyfish (Vaults:3)
  3 deep elf demonologists
  10 ironbound thunderhulks
  18 very ugly things
  11 green draconians
  16 vampire knights
  10 black draconians
  9 red draconians
  8 deep elf death magi
  7 deep elf annihilators
  10 dire elephants
  5 war gargoyles
  A halazid warlock (Desolation)
  7 white draconians
  A minotaur (Gauntlet)
  6 purple draconians
  8 yellow draconians
  A blizzard demon (Depths:3)
  2 eidola (Crypt:2)
  A spectral titan (Depths:2)
  5 ragged hierophants (Desolation)
  10 merfolk javelineers
  2 mummy priests (Depths:2)
  7 ettins
  2 spriggan zombies (Crypt:3)
  4 fire dragons
  6 jiangshi
  14 yaktaur captains
  2 crystal guardians (Desolation)
  6 merfolk impalers
  10 great orbs of eyes
  Harold (D:9)
  Josephine (D:11)
  A rakshasa (D:15)
  2 spriggan air magi
  16 vault guards
  2 spectral sphinxes (Depths:2)
  5 hydras
  A hell beast (Depths:2)
  7 servants of whispers (Desolation)
  A spectral spriggan (Depths:2)
  11 deep elf high priests
  8 ice dragons
  8 peacekeepers
  A spectral tengu (Depths:2)
  4 ogre magi
  4 ironbound frosthearts
  A spectral shadow dragon (Depths:2)
  18 anacondas
  8 catoblepae
  Erica (Lair:1)
  A bennu zombie (Crypt:2)
  4 merfolk aquamancers
  12 two-headed ogres
  2 merfolk avatars
  17 dancing weapons
  6 deep troll shamans
  A spectral fire giant (Depths:2)
  4 boulder beetles
  2 deep troll earth magi
  3 centaur warriors
  7 nameless horrors
  9 vampire magi
  13 naga warriors
  4 tengu warriors
  5 shock serpents
  3 satyrs
  A titan zombie (Crypt:3)
  17 naga sharpshooters
  A spectral storm dragon (Depths:2)
  Urug (D:13)
  5 death yaks
  11 deep elf knights
  6 spriggan berserkers
  An occultist (Depths:4)
  2 soul eaters
  10 skeletal warriors
  A sixfirhy (Depths:4)
  Sonja (D:10)
  3 storm dragon zombies
  A shadow wraith (D:14)
  A bunyip zombie (Crypt:3)
  7 skysharks
  4 sun demons (Depths:2)
  2 storm dragon skeletons (D:15)
  7 iron trolls
  5 mana vipers
  A salamander mystic (Snake:4)
  A skyshark (shapeshifter) (Vaults:5)
  10 sea snakes
  8 flayed ghosts
  4 arcanists
  A bog body (Crypt:3)
  5 glowing orange brains
  An obsidian statue (Depths:2)
  8 lindwurms
  7 naga ritualists
  A spectral iron dragon (Depths:2)
  28 deep trolls
  12 ironbound convokers
  A shadow dragon zombie (Crypt:3)
  14 deep elf zephyrmancers
  4 orc knights
  6 deep elf archers
  A wolf spider zombie (Crypt:1)
  15 ugly things
  14 harpies
  6 necromancers
  10 phantasmal warriors
  10 fauns
  10 salamanders
  A shining eye (Depths:2)
  An orc sorcerer (Orc:1)
  20 deep elf pyromancers
  A faun (shapeshifter) (Vaults:5)
  9 cyclopes
  15 manticores
  17 moths of wrath
  3 meliai (D:14)
  19 elephants
  A rust devil (D:6)
  7 kobold blastminers
  17 naga magi
  32 black mambas
  Joseph (D:10)
  16 vault sentinels
  An eye of devastation (shapeshifter) (Depths:3)
  10 merfolk sirens
  12 guardian serpents
  7 water nymphs
  12 cane toads
  2 torpor snails
  2 hellions (Depths:2)
  5 unseen horrors
  An orange demon (D:5)
  A yaktaur (shapeshifter) (Elf:1)
  2 large abominations
  9 rime drakes
  2 spectral glowing shapeshifters (Depths:2)
  An ice devil (Gauntlet)
  3 efreet
  12 komodo dragons
  A spectral human (Depths:2)
  2 harpy zombies (Crypt:3)
  3 tengu conjurers
  6 guardian mummies (Depths:2)
  18 yaktaurs
  An unseen horror skeleton (Crypt:3)
  14 trolls
  A polar bear (shapeshifter) (D:14)
  2 polar bears
  2 wind drakes
  4 hornets
  Grinder (D:3)
  35 merfolk
  A raiju (Gauntlet)
  31 saltlings (Desolation)
  5 blink frogs (Lair:5)
  A glass eye (Depths:3)
  4 snapping turtles
  A snapping turtle (shapeshifter) (Vaults:5)
  6 dream sheep
  4 jumping spiders (Depths:4)
  Sigmund (D:5)
  26 slime creatures
  10 water elementals
  2 air elementals (Elf:1)
  4 small abominations (Depths:3)
  6 wraiths
  59 yaks
  2 spriggans
  2 shadows
  11 vampires (Crypt:3)
  A hog (shapeshifter) (Elf:1)
  2 fire bats (Depths:2)
  6 basilisks
  2 wargs
  8 wyverns
  3 fire elementals
  A golden eye (shapeshifter) (D:14)
  4 steam dragons
  5 vampire mosquitoes
  Grum (D:8)
  4 chaos spawn (Depths:3)
  A swamp worm (shapeshifter) (Vaults:5)
  38 nagas
  7 acid dragons
  A fire bat zombie (Crypt:2)
  23 water moccasins
  25 orc warriors
  A black bear (D:9)
  2 ice beasts
  3 laughing skulls (Crypt:1)
  26 ogres
  2 sky beasts
  A swamp dragon zombie (Crypt:3)
  A boggart (shapeshifter) (D:14)
  13 centaurs
  16 wolves
  3 human skeletons
  The ghost of fly the Sneak, an amateur KoDe (D:5)
  A phantom (D:7)
  Blork the orc (D:6)
  3 kobold brigands
  6 bullfrogs
  4 scorpions
  5 gnoll sergeants
  4 wights (D:9)
  A raiju zombie (Crypt:2)
  17 killer bees
  11 electric eels
  4 howler monkeys
  5 jellies
  A bombardier beetle (D:5)
  4 quasits (D:5)
  4 hounds
  14 orc priests
  2 sleepcaps
  Crazy Yiuf (D:3)
  3 gnoll boudas
  21 orc wizards
  32 gnolls
  4 adders (D:5)
  2 shadow imps
  3 white imps (Gauntlet)
  4 ribbon worms
  72 orcs
  6 ball pythons
  8 endoplasms
  4 giant cockroaches
  25 goblins
  4 hobgoblins
  6 jackals (D:3)
  4 quokkas
  A river rat zombie (Crypt:2)
  35 bats
  7 frilled lizards
  2 goblin zombies (Crypt:2)
  11 kobolds
  2 rats
  2 aspiring fleshes (Zot:1)
  A butterfly (Lair:4)
  2 fulminant prisms
  13 tentacles (Shoals:2)
1967 creatures vanquished.

Vanquished Creatures (collateral kills)
  A juggernaut (Depths:3)
  The ghost of MackTheFife the End of an Era, a veteran HOGl of Qazlal (Vaults:4)
  2 golden dragons
  A bone dragon (Depths:4)
  An electric golem (Zot:5)
  A Brimstone Fiend (Zot:5)
  2 tentacled monstrosities
  Jorgrun (Shoals:1)
  A lich (Crypt:3)
  A deep elf blademaster (Elf:2)
  10 Orb Guardians
  A walking earthen tome (Depths:1)
  A walking frostbound tome (Depths:4)
  2 sphinxes
  2 krakens (Shoals:2)
  Polyphemus (Shoals:4)
  3 death cobs
  3 storm dragons
  3 tengu reavers
  8 shadow dragons
  The ghost of ballabu the Warrior, an adept DsFi of Ru (Depths:1)
  A draconian monk (Zot:5)
  Roxanne (Shoals:4)
  A protean progenitor (Zot:1)
  2 frost giants
  3 fire giants
  An iron dragon (Vaults:5)
  5 vault wardens
  A draconian shifter (Zot:5)
  A cacodemon (Depths:4)
  A draconian scorcher (Zot:2)
  A ghoul (Vaults:3)
  A draconian annihilator (Zot:2)
  5 ironbound preservers
  An ironbound thunderhulk (Vaults:4)
  4 black draconians
  3 stone giants
  A vampire knight (Crypt:3)
  11 very ugly things
  A spectral titan (Depths:2)
  3 deep elf death magi
  The ghost of Supivalvur the Bludgeoner, a journeyman MiMo of Zin (Snake:1)
  4 green draconians
  4 dire elephants
  2 yellow draconians
  A white draconian (Zot:1)
  A war gargoyle (Vaults:5)
  2 eidola
  2 purple draconians
  2 red draconians
  2 ettins
  2 merfolk impalers
  2 crystal guardians (Desolation)
  6 fire dragons
  2 mummy priests (Depths:2)
  A quicksilver dragon zombie (Crypt:3)
  3 yaktaur captains
  2 deep elf high priests
  A rakshasa (Depths:2)
  A spriggan zombie (Crypt:3)
  8 jiangshi
  3 servants of whispers (Desolation)
  An ice dragon (Zot:2)
  14 vault guards
  3 peacekeepers
  5 ragged hierophants (Desolation)
  A spectral tengu (Vaults:4)
  An ogre mage (Vaults:3)
  4 great orbs of eyes
  4 ironbound frosthearts
  2 merfolk avatars
  A death knight (Crypt:2)
  An alligator snapping turtle (Shoals:4)
  2 merfolk aquamancers
  A deep troll shaman (Vaults:3)
  2 death yaks (Shoals:4)
  13 dancing weapons
  A satyr (Shoals:4)
  A hell hog (Depths:2)
  A spectral fire giant (Depths:2)
  A vampire mage (Crypt:3)
  A tengu warrior (Depths:3)
  2 deep troll earth magi
  7 sun demons (Depths:2)
  2 naga sharpshooters
  A spriggan (Depths:1)
  6 deep elf knights
  6 skeletal warriors
  14 deep trolls
  An iron troll (Depths:4)
  A flayed ghost (Crypt:2)
  A cherub (Depths:2)
  4 sea snakes
  A glowing orange brain (Depths:4)
  6 deep elf archers
  A lindwurm (shapeshifter) (Vaults:5)
  An orc knight (Vaults:4)
  12 deep elf pyromancers
  3 phantasmal warriors
  A lindwurm (Vaults:2)
  4 large abominations
  A necromancer (Crypt:3)
  2 ironbound convokers
  6 harpies
  8 deep elf zephyrmancers
  A goliath frog zombie (Crypt:1)
  5 ugly things
  4 manticores
  3 moths of wrath
  A salamander (Depths:2)
  A fire giant skeleton (Vaults:4)
  A dire elephant zombie (Crypt:1)
  A centaur zombie (Crypt:3)
  A guardian serpent (Snake:4)
  A water nymph (Shoals:1)
  4 vault sentinels
  6 merfolk sirens
  A naga mage (Depths:4)
  A catoblepas zombie (Crypt:3)
  2 freezing wraiths (Vaults:5)
  8 yaktaurs
  A tormentor (Depths:4)
  An iron troll zombie (Crypt:1)
  2 tengu conjurers (Depths:3)
  A pale draconian skeleton (Crypt:1)
  A wind drake (shapeshifter) (Elf:2)
  2 guardian mummies (Depths:2)
  12 merfolk
  A troll (Vaults:5)
  4 nameless horrors
  A hornet (Depths:1)
  24 saltlings (Desolation)
  An iron troll skeleton (Crypt:1)
  3 dream sheep (Shoals:2)
  4 snapping turtles
  A satyr zombie (Crypt:2)
  A slime creature (Vaults:3)
  7 vampires (Crypt:3)
  2 wraiths
  An air elemental (Elf:1)
  A naga simulacrum (Crypt:3)
  2 fire bats (Depths:2)
  A naga (Snake:4)
  A glowing shapeshifter zombie (Vaults:4)
  A hell hound (Depths:2)
  A human simulacrum (Vaults:4)
  A hornet zombie (Crypt:1)
  2 orc warriors (Vaults:5)
  6 laughing skulls (Crypt:1)
  A dream sheep skeleton (Crypt:3)
  A dream sheep zombie (Crypt:1)
  2 earth elementals (Elf:2)
  A shapeshifter zombie (Crypt:3)
  A yak skeleton (Crypt:2)
  A bullfrog zombie (Crypt:2)
  A wolf skeleton (Crypt:1)
  A tengu zombie (Crypt:3)
  A gnoll (D:9)
  A ribbon worm (D:3)
  2 orcs
  A bat (D:1)
  2 rats
  An aspiring flesh (Zot:1)
  11 tentacles (Shoals:2)
453 creatures vanquished.

Vanquished Creatures (others)
  A fire giant (Vaults:5)
  A frost giant (Vaults:5)
  A dancing weapon (Elf:1)
  A deep elf pyromancer (Elf:1)
  A merfolk siren (Shoals:2)
  An air elemental (Elf:2)
  A wolf (Lair:2)
  An orc wizard (D:5)
  333 fulminant prisms
  72 tentacles (Shoals:2)
413 creatures vanquished.

Grand Total: 2833 creatures vanquished

Notes
Turn   | Place    | Note
-------+----------+-------------------------------------------
     0 | D:1      | EnegeticOcto the Vine Stalker Necromancer began the quest
                  | for the Orb.
     0 | D:1      | Reached XP level 1. HP: 9/9 MP: 4/4
    15 | D:1      | Reached skill level 3 in Stealth
    65 | D:1      | Reached XP level 2. HP: 13/13 MP: 3/6
   276 | D:1      | Reached skill level 3 in Spellcasting
   333 | D:1      | Reached XP level 3. HP: 16/16 MP: 5/8
   410 | D:1      | Learned a level 3 spell: Vampiric Draining
   571 | D:1      | Found a faded altar of an unknown god.
   574 | D:1      | Prayed at the altar of an unknown god.
   574 | D:1      | Became a worshipper of Vehumet
   574 | D:1      | Reached * piety under Vehumet
   574 | D:1      | Offered knowledge of Foxfire by Vehumet.
   830 | D:2      | Found a shimmering blue altar of Sif Muna.
   987 | D:2      | Reached XP level 4. HP: 21/21 MP: 7/10
  1432 | D:3      | Found a runed translucent door.
  1433 | D:3      | Noticed Crazy Yiuf
  1569 | D:3      | Reached skill level 4 in Spellcasting
  1570 | D:3      | Noticed Grinder
  1715 | D:4      | Offered knowledge of Searing Ray by Vehumet.
  1716 | D:4      | Reached skill level 5 in Necromancy
  1716 | D:4      | Reached XP level 5. HP: 19/24 MP: 5/12
  1719 | D:4      | Learned a level 2 spell: Searing Ray
  1767 | D:4      | Reached ** piety under Vehumet
  1979 | D:4      | Noticed an ogre
  2170 | D:4      | Noticed a centaur
  2182 | D:4      | Killed a centaur
  2183 | D:4      | Reached skill level 2 in Conjurations
  2516 | D:5      | Entered Level 5 of the Dungeon
  2522 | D:5      | Reached skill level 3 in Conjurations
  2522 | D:5      | Reached XP level 6. HP: 28/28 MP: 11/13
  2646 | D:5      | Reached skill level 4 in Conjurations
  2672 | D:5      | Noticed Sigmund
  2734 | D:5      | Reached skill level 1 in Fighting
  2751 | D:5      | Reached XP level 7. HP: 33/33 MP: 12/14
  2795 | D:5      | Killed Sigmund
  2796 | D:5      | Reached skill level 2 in Fighting
  2796 | D:5      | Reached skill level 5 in Conjurations
  2836 | D:5      | Noticed fly's ghost (amateur KoDe)
  2855 | D:5      | Found a transporter.
  2927 | D:5      | Found a transporter.
  2977 | D:5      | Reached skill level 6 in Conjurations
  3070 | D:5      | Reached skill level 5 in Spellcasting
  3070 | D:5      | Gained mutation: You have razor-sharp teeth. [Vine Stalker
                  | growth]
  3070 | D:5      | Reached XP level 8. HP: 39/39 MP: 5/16
  3570 | D:3      | Offered knowledge of Mercury Vapours by Vehumet.
  3625 | D:3      | Reached *** piety under Vehumet
  3772 | D:3      | Paralysed by Grinder for 5 turns
  3917 | D:6      | Reached skill level 6 in Spellcasting
  4022 | D:6      | Reached skill level 3 in Fighting
  4085 | D:6      | Found a shadowy altar of Dithmenos.
  4093 | D:6      | Found a glowing silver altar of Zin.
  4100 | D:6      | Found an ornate altar of the Wu Jian Council.
  4107 | D:6      | Found an ancient bone altar of Kikubaaqudgha.
  4115 | D:6      | Found a hide-covered altar of Uskayaw.
  4122 | D:6      | Found a shimmering altar of Xom.
  4128 | D:6      | Found a radiant altar of Vehumet.
  4486 | D:6      | Found a burning altar of Makhleb.
  4497 | D:6      | Reached skill level 4 in Fighting
  4540 | D:6      | Noticed Blork the orc
  4548 | D:6      | Killed Blork the orc
  4779 | D:7      | Found a flagged portal.
  4793 | D:7      | Offered knowledge of Stone Arrow by Vehumet.
  4805 | D:7      | Found a staircase to the Ecumenical Temple.
  4851 | Bailey   | Entered a bailey
  5879 | Bailey   | Reached skill level 7 in Spellcasting
  6489 | Bailey   | Reached XP level 9. HP: 46/46 MP: 20/20
  6492 | Bailey   | Noticed an orc knight
  6563 | Bailey   | Reached skill level 5 in Fighting
  6817 | Bailey   | Reached skill level 6 in Fighting
  7519 | Bailey   | Reached skill level 8 in Spellcasting
  7613 | Bailey   | Noticed an orc high priest
  7614 | Bailey   | Noticed an orc sorcerer
  7617 | Bailey   | Noticed an ice devil
  7656 | D:7      | Reached **** piety under Vehumet
  7783 | D:7      | Offered knowledge of Fulminant Prism by Vehumet.
  7784 | D:7      | Reached skill level 2 in Dodging
  7805 | D:7      | Learned a level 4 spell: Fulminant Prism
  7865 | D:7      | Reached skill level 1 in Shields
  7916 | D:7      | Reached skill level 1 in Alchemy
  8054 | D:7      | Identified the +8 spear "Hezetei" {heavy, rElec Will++}
  8399 | D:6      | Reached skill level 2 in Shields
  8592 | D:3      | Killed Grinder
  8593 | D:3      | Reached skill level 3 in Dodging
  8593 | D:3      | Reached skill level 7 in Conjurations
  8593 | D:3      | Reached skill level 2 in Alchemy
  8593 | D:3      | Reached XP level 10. HP: 53/53 MP: 16/23
  8708 | D:3      | Killed Crazy Yiuf
  9286 | D:8      | Found a runed translucent door.
  9298 | D:8      | Noticed Drangen's ghost (novice GrEE)
  9546 | D:8      | Found an opulent altar of Gozag.
  9637 | D:8      | Reached skill level 3 in Shields
  9637 | D:8      | Reached skill level 3 in Alchemy
 10299 | D:9      | Noticed Harold
 10306 | D:8      | Noticed a cyclops
 10620 | D:9      | Paralysed by a hornet for 2 turns
 10623 | D:9      | Reached skill level 4 in Alchemy
 10779 | D:9      | Reached skill level 4 in Shields
 10786 | D:9      | Reached skill level 8 in Conjurations
 10836 | D:9      | Noticed an elephant
 11012 | D:9      | Killed an elephant
 11205 | D:9      | Found a staircase to the Lair.
 11244 | D:9      | Reached skill level 5 in Alchemy
 11572 | D:9      | Reached skill level 5 in Shields
 11572 | D:9      | Reached XP level 11. HP: 40/56 MP: 17/24
 11575 | D:9      | Reached ***** piety under Vehumet
 11932 | D:10     | Entered Level 10 of the Dungeon
 11942 | D:10     | Found a runed translucent door.
 11942 | D:10     | Noticed a sixfirhy
 12035 | D:10     | Offered knowledge of Brom's Barrelling Boulder by Vehumet.
 12117 | D:10     | Reached skill level 9 in Conjurations
 12240 | D:10     | Reached skill level 6 in Alchemy
 12275 | D:10     | Noticed Joseph
 12296 | D:10     | Killed Joseph
 12455 | D:10     | Reached skill level 6 in Shields
 12455 | D:10     | Noticed Sonja
 12462 | D:10     | Killed Sonja
 12614 | D:10     | Noticed a boulder beetle
 12645 | D:10     | Killed a boulder beetle
 13144 | D:10     | Reached skill level 7 in Alchemy
 13310 | D:9      | Killed Harold
 13328 | Lair:1   | Entered Level 1 of the Lair of Beasts
 13333 | Lair:1   | Noticed Erica
 13359 | Lair:1   | Killed Erica
 13360 | Lair:1   | Reached skill level 7 in Shields
 13360 | Lair:1   | Reached skill level 10 in Conjurations
 13366 | Lair:1   | Reached skill level 8 in Alchemy
 13374 | Lair:2   | Found a staircase to the Snake Pit.
 13454 | Lair:2   | Reached XP level 12. HP: 59/61 MP: 21/25
 14131 | Lair:2   | Reached skill level 8 in Shields
 14201 | Lair:2   | Noticed an eight-headed hydra
 14210 | Lair:2   | Killed an eight-headed hydra
 14211 | Lair:2   | Reached skill level 9 in Alchemy
 14413 | Lair:1   | Noticed a catoblepas
 14418 | Lair:1   | Reached skill level 7 in Fighting
 14427 | Lair:1   | Killed a catoblepas
 14428 | Lair:1   | Reached skill level 9 in Spellcasting
 14857 | Lair:1   | Found a runed translucent gate.
 14857 | Lair:1   | Noticed Cosoff's ghost (journeyman MiFi)
 14858 | Lair:1   | Found a runed translucent gate.
 14859 | Lair:1   | Found a runed translucent gate.
 15575 | Lair:3   | Reached XP level 13. HP: 32/68 MP: 27/27
 15681 | Lair:3   | Reached skill level 9 in Shields
 15970 | Lair:3   | Reached skill level 8 in Fighting
 15970 | Lair:3   | Reached skill level 10 in Alchemy
 16149 | Lair:3   | Found a staircase to the Shoals.
 16176 | Lair:3   | Reached skill level 10 in Spellcasting
 16562 | Lair:4   | Found a staircase to the Slime Pits.
 16673 | Lair:4   | Reached skill level 1 in Armour
 16855 | Lair:4   | Reached skill level 2 in Armour
 17255 | Lair:4   | Reached skill level 10 in Shields
 17311 | Lair:4   | Reached skill level 9 in Fighting
 17410 | Lair:4   | Got the Handbook of Fetching Sciomancy
 17647 | Lair:5   | Entered Level 5 of the Lair of Beasts
 17721 | Lair:5   | Reached skill level 3 in Armour
 17740 | Lair:5   | Offered knowledge of Flame Wave by Vehumet.
 17866 | Lair:5   | Reached skill level 11 in Spellcasting
 17866 | Lair:5   | Reached XP level 14. HP: 69/75 MP: 16/30
 18155 | Lair:5   | Reached skill level 4 in Armour
 18484 | Lair:5   | Reached skill level 10 in Fighting
 18628 | Lair:5   | Reached skill level 4 in Dodging
 19123 | Lair:5   | Reached skill level 12 in Spellcasting
 19292 | Lair:5   | Reached skill level 5 in Armour
 19923 | D:5      | Killed fly's ghost
 20043 | D:8      | Noticed Grum
 20050 | D:8      | Killed Grum
 20365 | D:11     | Reached skill level 6 in Earth Magic
 20365 | D:11     | Reached XP level 15. HP: 80/80 MP: 32/32
 20373 | D:11     | Learned a level 6 spell: Bombard
 20468 | D:11     | Reached skill level 5 in Dodging
 20724 | D:11     | Noticed Josephine
 20730 | D:11     | Killed Josephine
 21367 | D:12     | Found a staircase to the Orcish Mines.
 21378 | D:12     | Offered knowledge of Orb of Destruction by Vehumet.
 21664 | D:12     | Reached skill level 11 in Conjurations
 22008 | Orc:1    | Entered Level 1 of the Orcish Mines
 22324 | Orc:2    | Entered Level 2 of the Orcish Mines
 22388 | Orc:1    | Reached XP level 16. HP: 67/85 MP: 20/33
 22478 | Orc:2    | Found a staircase to the Elven Halls.
 22512 | Orc:2    | Found Vomolaon's Antique Weapon Emporium.
 22537 | Orc:1    | Found a roughly hewn altar of Beogh.
 22549 | Orc:1    | Reached skill level 7 in Earth Magic
 22594 | Orc:1    | Found Duipt's Jewellery Shoppe.
 22823 | Orc:2    | Offered knowledge of Irradiate by Vehumet.
 22847 | Orc:2    | Learned a level 5 spell: Irradiate
 22912 | Orc:2    | Reached skill level 6 in Armour
 22935 | Orc:2    | Reached skill level 1 in Evocations
 22995 | Orc:2    | Reached skill level 6 in Dodging
 23017 | Orc:2    | Reached skill level 2 in Evocations
 23219 | Orc:2    | Reached skill level 3 in Evocations
 23350 | Orc:2    | Found Nyaduk's Jewellery Shop.
 23407 | Orc:2    | Found Dihaum's Antique Weapon Shop.
 23409 | Orc:2    | Found Ycusip's Jewellery Boutique.
 23429 | Orc:2    | Reached skill level 12 in Conjurations
 23510 | Orc:1    | Bought the ring of Ziuch {Will++ Int+6} for 684 gold pieces
 23602 | Orc:2    | Found Moubbav's General Store.
 23606 | Orc:2    | Bought a scroll of fear for 48 gold pieces
 23606 | Orc:2    | Bought 2 scrolls of fear for 96 gold pieces
 23606 | Orc:2    | Bought a scroll of identify for 24 gold pieces
 23606 | Orc:2    | Bought a scroll of identify for 24 gold pieces
 23606 | Orc:2    | Bought a potion of mutation for 96 gold pieces
 23713 | Orc:2    | Acquired the +18 shield of the Gong {Loud rN+ Will+ rCorr
                  | EV-5}
 23713 | Orc:2    | Found the +18 shield of the Gong {Loud rN+ Will+ rCorr
                  | EV-5}
 23796 | D:13     | Reached skill level 4 in Evocations
 24116 | D:13     | Noticed Urug
 24123 | D:13     | Killed Urug
 24123 | D:13     | Gained mutation: Your magical capacity is low. (-10% MP)
                  | [mutagenic glow]
 24621 | D:14     | Found a gate leading to a gauntlet.
 24629 | Gauntlet | Entered a Gauntlet
 24629 | Gauntlet | Found a transporter.
 24629 | Gauntlet | Found a transporter.
 24647 | Gauntlet | Found a transporter.
 24651 | Gauntlet | Found a transporter.
 24651 | Gauntlet | Found a transporter.
 24665 | Gauntlet | Found a transporter.
 24677 | Gauntlet | Found a transporter.
 24681 | Gauntlet | Found a transporter.
 24689 | Gauntlet | Found a transporter.
 24706 | Gauntlet | Found a transporter.
 24720 | Gauntlet | Found a transporter.
 24724 | Gauntlet | Found a transporter.
 24991 | Gauntlet | Identified the ring "Dekeghif" {Will+ rCorr Dex+5 Stlth-}
 25290 | Gauntlet | Identified the ring "Qyorghee" {rElec rF+++ EV+5}
 25363 | D:14     | Found a sacrificial altar of Ru.
 25366 | D:14     | Reached skill level 5 in Evocations
 25991 | D:14     | Found a gate to the Vaults.
 26102 | D:15     | Entered Level 15 of the Dungeon
 26186 | D:15     | Offered knowledge of Lee's Rapid Deconstruction by Vehumet.
 26640 | D:15     | Reached skill level 6 in Evocations
 26758 | D:15     | Found a radiant altar of Vehumet.
 26775 | D:15     | Found a staircase to the Depths.
 26780 | D:15     | Reached skill level 13 in Conjurations
 26817 | D:15     | Reached skill level 11 in Shields
 27450 | D:15     | Learned a level 1 spell: Apportation
 27452 | D:15     | Learned a level 1 spell: Summon Small Mammal
 27460 | D:15     | Learned a level 7 spell: Spellforged Servitor
 27640 | Snake:1  | Entered Level 1 of the Snake Pit
 27645 | Snake:1  | Reached ****** piety under Vehumet
 27654 | Snake:1  | Reached skill level 1 in Summonings
 27657 | Snake:1  | Reached XP level 17. HP: 84/89 MP: 4/30
 27715 | Snake:1  | Reached skill level 2 in Summonings
 27901 | Snake:1  | Noticed Agnes
 27915 | Snake:1  | Killed Agnes
 27927 | Snake:1  | Reached skill level 3 in Summonings
 28032 | Snake:1  | Reached skill level 12 in Shields
 28051 | Snake:1  | Reached skill level 4 in Summonings
 28064 | Snake:1  | Offered knowledge of Conjure Ball Lightning by Vehumet.
 28209 | Snake:1  | Found a runed translucent door.
 28510 | Snake:1  | Found Qudo's Distillery.
 28518 | Snake:1  | Bought a potion of experience for 650 gold pieces
 28518 | Snake:1  | Reached skill level 7 in Summonings
 28518 | Snake:1  | Reached XP level 18. HP: 93/93 MP: 31/31
 28988 | Snake:1  | Noticed Supivalvur's ghost (journeyman MiMo)
 28995 | Snake:1  | Killed Supivalvur's ghost
 29807 | Snake:2  | Found Guaheo's Book Shop.
 29809 | Snake:2  | Found Xoczos's Jewellery Emporium.
 29810 | Snake:2  | Found Lojocap's Book Shop.
 29877 | Snake:2  | Reached skill level 8 in Summonings
 32147 | Snake:3  | Reached skill level 9 in Summonings
 32204 | Snake:3  | Noticed Vashnia
 32727 | Snake:3  | Reached skill level 13 in Spellcasting
 32757 | Snake:3  | Killed Vashnia
 32758 | Snake:3  | Reached skill level 14 in Conjurations
 33629 | Snake:4  | Entered Level 4 of the Snake Pit
 33756 | Snake:4  | Offered knowledge of Lehudib's Crystal Spear by Vehumet.
 33769 | Snake:3  | Learned a level 8 spell: Lehudib's Crystal Spear
 34202 | Snake:4  | Reached skill level 10 in Summonings
 34440 | Snake:4  | Reached XP level 19. HP: 98/98 MP: 23/33
 34849 | Snake:4  | Reached skill level 8 in Earth Magic
 35125 | Snake:4  | Reached skill level 14 in Spellcasting
 35522 | Snake:3  | Lost mutation: Your magical capacity is low. (-10% MP)
                  | [potion of mutation]
 35522 | Snake:3  | Gained mutation: You are vulnerable to cold. (rC-) [potion
                  | of mutation]
 35523 | Snake:3  | Lost mutation: You are vulnerable to cold. (rC-) [potion of
                  | mutation]
 35523 | Snake:3  | Gained mutation: You have sharp toenails. [potion of
                  | mutation]
 35607 | Snake:4  | Found an iron altar of Okawaru.
 35619 | Snake:4  | Got a serpentine rune of Zot
 35982 | Shoals:1 | Entered Level 1 of the Shoals
 36083 | Shoals:1 | Noticed Jorgrun
 36097 | Shoals:1 | Killed Jorgrun
 36098 | Shoals:1 | Reached skill level 9 in Earth Magic
 36102 | Shoals:1 | Offered knowledge of Chain Lightning by Vehumet.
 36102 | Shoals:1 | Offered knowledge of Polar Vortex by Vehumet.
 36102 | Shoals:1 | Offered knowledge of Maxwell's Capacitive Coupling by
                  | Vehumet.
 36103 | Shoals:1 | Reached skill level 15 in Conjurations
 36249 | Shoals:1 | Found a glacial archway.
 36277 | Shoals:1 | Found Taextoma's Jewellery Shop.
 36919 | Snake:2  | Bought a book of Armaments for 468 gold pieces
 36924 | Snake:2  | Learned a level 3 spell: Stone Arrow
 37177 | Shoals:2 | Identified the serpent talisman of the Saviour {Fly Str-3
                  | Int-4 Dex+7}
 37177 | Shoals:2 | Noticed Aizul
 37187 | Shoals:1 | Killed Aizul
 37320 | Shoals:2 | Noticed Ilsuiw
 37332 | Shoals:2 | Killed Ilsuiw
 37475 | Shoals:2 | Reached skill level 15 in Spellcasting
 37503 | Shoals:2 | Reached skill level 10 in Earth Magic
 38506 | Shoals:2 | Reached XP level 20. HP: 99/102 MP: 31/40
 38746 | Shoals:2 | Reached skill level 16 in Conjurations
 38955 | Shoals:3 | Reached skill level 11 in Earth Magic
 39125 | Shoals:3 | Noticed Bai Suzhen
 39273 | Shoals:2 | Found the +3 hat of Pondering {ponderous, Will+ MP+10
                  | Int+5}
 39314 | Shoals:2 | Got Lee's Incunabulum of Orogeny
 39389 | Shoals:2 | Killed Bai Suzhen
 40296 | Shoals:4 | Entered Level 4 of the Shoals
 40296 | Shoals:4 | Noticed Polyphemus
 40584 | Shoals:3 | Gained mutation: You are clumsy. (Dex -2) [mutagenic glow]
 40647 | Shoals:4 | Killed Polyphemus
 40998 | Shoals:4 | Reached skill level 12 in Earth Magic
 41142 | Shoals:4 | Got a barnacled rune of Zot
 41236 | Shoals:4 | Identified the +7 quarterstaff "Riuz" {venom, rPois rF-
                  | rN+}
 41258 | Shoals:4 | Noticed Roxanne
 41278 | Shoals:4 | Reached skill level 11 in Fighting
 41414 | Shoals:4 | Learned a level 7 spell: Orb of Destruction
 41452 | Shoals:4 | Killed Roxanne
 41748 | Elf:1    | Entered Level 1 of the Elven Halls
 42084 | Elf:1    | Paralysed by an air elemental for 1 turns
 42189 | Elf:1    | Reached skill level 13 in Shields
 42286 | Elf:1    | Reached skill level 16 in Spellcasting
 42423 | Elf:1    | Got the Reference Book on the Boggart
 42456 | Elf:1    | Found a portal to a secret trove of treasure.
 42485 | Elf:1    | Acquired the +8 kite shield of Qacwaw {Rampage Int+2}
 42612 | Elf:1    | Reached XP level 21. HP: 108/109 MP: 42/42
 42874 | Elf:1    | Paralysed by an air elemental for 1 turns
 43165 | Shoals:1 | Bought the ring of Reimbursement {Ice rN++ rCorr Int+2
                  | Dex-3} for 690 gold pieces
 43449 | Elf:2    | Found a crumbling gateway.
 43473 | Desolati | Entered the Desolation of Salt
 43804 | Desolati | Identified the +2 whip "Goung" {protect, rF- Will+ Str+2}
 43806 | Desolati | Got Gesit's Collected Works on Manifold Ozone
 43828 | Desolati | Got the Essays on Breccia
 43995 | Desolati | Reached skill level 13 in Earth Magic
 44032 | Desolati | Got Izyfae Jeoda's Handbook of Geometry
 44044 | Desolati | Identified the ring "Loryludoi" {Ice Will+}
 44057 | Desolati | Reached skill level 12 in Fighting
 44585 | Desolati | Found the +3 pair of seven-league boots {Rampage+∞}
 44588 | Desolati | Identified the +0 ring mail of Intuition {rPois}
 44896 | Elf:2    | Found a runed translucent gate.
 44896 | Elf:2    | Found a runed translucent gate.
 44898 | Elf:2    | Found a runed translucent gate.
 45182 | Elf:1    | Learned a level 5 spell: Lee's Rapid Deconstruction
 45415 | Elf:2    | Got the Elucidation of Big Dreams And Success
 45534 | Elf:2    | Reached skill level 14 in Shields
 45628 | Elf:2    | Reached skill level 17 in Spellcasting
 46047 | Elf:3    | Entered Level 3 of the Elven Halls
 46595 | Elf:3    | Reached skill level 14 in Earth Magic
 46981 | Elf:3    | Reached XP level 22. HP: 117/117 MP: 44/44
 47069 | Elf:3    | Reached skill level 13 in Fighting
 48332 | Elf:3    | Found Zidohimp's Weapon Shop.
 48502 | Elf:3    | Found Zag Laon's Assorted Antiques.
 48508 | Elf:3    | Bought a transparent bronze ring for 140 gold pieces
 48508 | Elf:3    | Identified the ring of Fuowyg {AC+4 Dex+5} (You bought it
                  | in a shop on level 3 of the Elven Halls)
 48508 | Elf:3    | Bought a scroll of blinking for 210 gold pieces
 48589 | Elf:3    | Identified the +1 ring mail of Faixuw {rPois rF- Dex+5
                  | SInv}
 49003 | Elf:3    | Identified the amulet of the Imbibing Priest {RegenMP Int+4
                  | Slay+2}
 49378 | Elf:3    | Identified the ring of Wuicwick {rN+ Dex+2 Slay+5}
 49378 | Elf:3    | Identified the ring "Vous" {Will+ Int+5}
 49449 | Elf:3    | Identified the staff of the Priest {*Corrode rPois rF+++
                  | Int-4 Dex+5 Alchemy}
 49470 | Elf:3    | Identified the staff "Pazar" {rElec Will+ Int+2 Air}
 49474 | Elf:3    | Identified the +6 short sword of Distraction {holy, MP+9}
 50035 | Vaults:1 | Entered Level 1 of the Vaults
 50755 | Vaults:1 | Reached skill level 7 in Armour
 51355 | Vaults:1 | Identified the ring of Caxkuas {Ice Fly Will++ Slay+2
                  | Stlth+}
 51972 | Vaults:2 | Found Cimniat's Book Shoppe.
 52295 | Vaults:2 | Identified the +12 orcbow "Duatzak" {drain, rCorr}
 52406 | Vaults:2 | You fall into a shaft and drop 1 floor!
 52573 | Vaults:3 | Reached skill level 18 in Spellcasting
 52577 | Vaults:3 | Reached skill level 15 in Earth Magic
 52751 | Vaults:3 | Identified the +3 rapier of War {freeze, rCorr Int+5 Dex-3
                  | Stlth+}
 52820 | Vaults:3 | Reached skill level 8 in Armour
 52820 | Vaults:3 | Reached skill level 15 in Shields
 52820 | Vaults:3 | Reached XP level 23. HP: 104/123 MP: 36/46
 52830 | Vaults:3 | Reached skill level 14 in Fighting
 53173 | Vaults:3 | Reached skill level 9 in Armour
 53256 | Vaults:3 | Reached skill level 1 in Invocations
 53386 | Vaults:3 | Found a staircase to the Crypt.
 53811 | Vaults:3 | Found Ohaubeto's Book Shoppe.
 54102 | Vaults:2 | Reached skill level 2 in Invocations
 54927 | Vaults:4 | Reached skill level 3 in Invocations
 55075 | Vaults:4 | Identified the ring of the Pure Olives {Ice Int+5}
 55180 | Vaults:4 | Found a transporter.
 55180 | Vaults:4 | Noticed a dread lich
 55180 | Vaults:4 | Noticed MackTheFife's ghost (veteran HOGl)
 55181 | Vaults:4 | Found a transporter.
 55274 | Vaults:4 | Reached skill level 7 in Dodging
 55297 | Vaults:4 | Reached skill level 4 in Invocations
 55315 | Vaults:4 | Gained mutation: You are very clumsy. (Dex -4) [mutagenic
                  | glow]
 55331 | Vaults:4 | Found a flickering gateway to a bazaar.
 55340 | Bazaar   | Entered a bazaar
 55346 | Bazaar   | Gained mutation: You are partially covered in iridescent
                  | scales. (AC +2) [mutagenic glow]
 55404 | Bazaar   | Found Hegh's Magic Scroll Shoppe.
 55420 | Bazaar   | Found Tush's Antique Weapon Emporium.
 55435 | Bazaar   | Found Suskoar's Armour Emporium.
 55501 | Bazaar   | Bought a scroll of revelation for 52 gold pieces
 55501 | Bazaar   | Bought a scroll of teleportation for 21 gold pieces
 55501 | Bazaar   | Bought a scroll of teleportation for 21 gold pieces
 55501 | Bazaar   | Bought a scroll of teleportation for 21 gold pieces
 55505 | Bazaar   | Bought a scroll of amnesia for 28 gold pieces
 55534 | Bazaar   | Bought the +1 cloak of Starlight {*Dazzle EV+4 Stlth--} for
                  | 366 gold pieces
 55534 | Bazaar   | Found the +1 cloak of Starlight {*Dazzle EV+4 Stlth--}
 56666 | Depths:1 | Entered Level 1 of the Depths
 56684 | Depths:1 | Found a runed translucent gate.
 56685 | Depths:1 | Found a runed translucent gate.
 56686 | Depths:1 | Found a runed translucent gate.
 56688 | Depths:1 | Noticed ballabu's ghost (adept DsFi)
 57080 | Depths:1 | You fall into a shaft and drop 1 floor!
 57093 | Depths:2 | Reached skill level 5 in Invocations
 57237 | Depths:2 | Reached XP level 24. HP: 130/130 MP: 30/46
 57455 | Depths:1 | Found Fonki's Book Emporium.
 57471 | Depths:1 | Found a glowing silver altar of Zin.
 57517 | Depths:1 | Found a gateway to Hell.
 57566 | Depths:1 | Found a runed translucent door.
 57995 | Depths:1 | Killed ballabu's ghost
 58052 | Depths:1 | Got the Discursus on the Geologist and the Cucurbite
 58057 | Depths:1 | Got Sif Muna's Enchiridion on Kinetic Orientation
 58095 | Depths:2 | Reached skill level 16 in Earth Magic
 58108 | Depths:2 | Reached skill level 8 in Dodging
 58108 | Depths:2 | Reached skill level 6 in Invocations
 58110 | Depths:2 | Reached skill level 15 in Fighting
 58442 | Depths:2 | Reached skill level 19 in Spellcasting
 58891 | Depths:2 | Found a one-way gate leading to the halls of Pandemonium.
 59181 | Depths:2 | Reached skill level 7 in Invocations
 59185 | Depths:2 | Gained mutation: Armour fits poorly on your strangely
                  | shaped body. [mutagenic glow]
 59205 | Depths:2 | Lost mutation: You are very clumsy. (Dex -4) [mutagenic
                  | glow]
 59220 | Depths:2 | Gained mutation: You have razor-sharp toenails. [mutagenic
                  | glow]
 59293 | Depths:2 | Noticed a royal mummy
 59304 | Depths:2 | Killed a royal mummy
 60001 | Depths:3 | Reached skill level 9 in Dodging
 60018 | Depths:3 | Found a one-way gateway to a ziggurat.
 60222 | Depths:3 | Reached skill level 8 in Invocations
 60292 | Depths:3 | Noticed a juggernaut
 60293 | Depths:3 | Noticed a juggernaut
 60294 | Depths:3 | Noticed Xaosyiw's ghost (adept DECj)
 60296 | Depths:3 | Found a transporter.
 60346 | Depths:3 | Found a bloodstained altar of Trog.
 60348 | Depths:3 | Found a transporter.
 60370 | Depths:3 | Found a one-way gate to the infinite horrors of the Abyss.
 60932 | Depths:3 | Noticed a juggernaut
 60938 | Depths:3 | Killed a juggernaut
 61318 | Depths:3 | Reached XP level 25. HP: 137/137 MP: 36/47
 61424 | Depths:3 | Identified the +0 ring mail "Hopoadof" {rF+ Int-5 Slay+3
                  | SInv}
 61580 | Depths:4 | Entered Level 4 of the Depths
 61663 | Depths:4 | Reached skill level 16 in Fighting
 61676 | Depths:4 | Reached skill level 9 in Invocations
 61720 | Depths:4 | Found Xave's General Store.
 61726 | Depths:4 | Bought a scroll of acquirement for 832 gold pieces
 61726 | Depths:4 | Acquired 724 gold pieces
 61728 | Depths:4 | Bought a scroll of enchant armour for 120 gold pieces
 61728 | Depths:4 | Bought a scroll of enchant armour for 120 gold pieces
 61728 | Depths:4 | Bought a scroll of revelation for 120 gold pieces
 61733 | Depths:4 | Found Esireg's Antique Armour Boutique.
 61894 | Depths:4 | Reached skill level 10 in Dodging
 62102 | Depths:4 | Found a radiant altar of Vehumet.
 62110 | Depths:4 | Identified the +1 hat of Bad Feelings {rElec}
 62115 | Depths:4 | Identified the +2 robe of Virtue {rElec rC+ Slay+3}
 62135 | Depths:4 | Identified the +1 robe of the Akabeko {Int+4}
 62237 | Depths:4 | Found Astruycwe's Book Emporium.
 62497 | Depths:4 | Reached skill level 10 in Invocations
 62591 | Depths:4 | Found a gate to the Realm of Zot.
 63511 | Crypt:1  | Entered Level 1 of the Crypt
 63869 | Crypt:1  | Identified the orb "Xuhacuzi" {light, Int+5 Dex-4}
 63869 | Crypt:1  | Noticed Frederick
 63873 | Crypt:1  | Killed Frederick
 63894 | Crypt:1  | Noticed iamserjio's ghost (veteran OpWn)
 63897 | Crypt:1  | Found a runed translucent door.
 64227 | Crypt:2  | Learned a level 3 spell: Passwall
 64233 | Crypt:2  | Learned a level 5 spell: Borgnjor's Vile Clutch
 64236 | Crypt:2  | Learned a level 2 spell: Blink
 64237 | Crypt:2  | Found a runed translucent door.
 64238 | Crypt:2  | Found a shimmering altar of Xom.
 64238 | Crypt:2  | Noticed Upnaxuh's ghost (adept DgIE)
 64266 | Crypt:2  | Reached skill level 11 in Invocations
 64318 | Crypt:2  | Noticed Vv
 64324 | Crypt:2  | Reached skill level 17 in Fighting
 64351 | Crypt:2  | Killed Vv
 64469 | Crypt:2  | Identified the +2 robe of Inference {rC++ rN+ Str+2 Dex-3}
 64469 | Crypt:2  | Noticed Boris
 64473 | Crypt:2  | Killed Boris
 64750 | Crypt:2  | Noticed Sojobo
 64760 | Crypt:2  | Killed Sojobo
 65218 | Crypt:3  | Entered Level 3 of the Crypt
 65299 | Crypt:3  | Found a staircase to the Tomb.
 65336 | Crypt:3  | Reached skill level 12 in Invocations
 65955 | Crypt:3  | Reached XP level 26. HP: 147/147 MP: 31/47
 66563 | Crypt:3  | Reached skill level 13 in Invocations
 66603 | Crypt:3  | Reached skill level 18 in Fighting
 67019 | Crypt:3  | Identified the staff of Pain and Death {rElec Str+9 Int-2
                  | Dex-2 Necro Air}
 67019 | Crypt:3  | Identified the death talisman of the Cobbler {Dex+3}
 67257 | Crypt:3  | Found the +3 Mad Mage's Maulers {Infuse+∞ VampMP -Cast}
 67279 | Crypt:3  | Identified the amulet of the Eagle {Reflect *Corrode SH+5
                  | SInv Stlth+}
 67784 | Vaults:4 | Killed a dread lich
 67815 | Vaults:4 | Killed MackTheFife's ghost
 67929 | Vaults:4 | Identified the ring "Aboiwnid" {Fire Fly rPois}
 68021 | Vaults:5 | Entered Level 5 of the Vaults
 68061 | Vaults:5 | Reached skill level 14 in Invocations
 68137 | Vaults:5 | Noticed a dread lich
 68145 | Vaults:5 | Killed a dread lich
 68169 | Vaults:5 | Reached skill level 19 in Fighting
 68214 | Vaults:5 | Identified the ring of Voneifol {Fire Dex+3}
 68225 | Vaults:5 | Reached skill level 15 in Invocations
 68622 | Vaults:5 | Got a silver rune of Zot
 68800 | Vaults:5 | Reached XP level 27. HP: 144/155 MP: 18/47
 68976 | Vaults:5 | Reached skill level 16 in Invocations
 69288 | Vaults:5 | Identified the +0 scale mail of Ismupt {rElec Slay+2}
 70166 | Zot:1    | Entered Level 1 of the Realm of Zot
 70181 | Zot:1    | Noticed an orb of fire
 70260 | Zot:1    | Killed an orb of fire
 70280 | Zot:1    | Reached skill level 17 in Invocations
 71061 | Zot:1    | Reached skill level 18 in Invocations
 71902 | Zot:1    | Reached skill level 19 in Invocations
 73448 | Zot:2    | Reached skill level 20 in Invocations
 74018 | Zot:3    | Reached skill level 20 in Spellcasting
 74024 | Zot:2    | Reached skill level 20 in Fighting
 75501 | Zot:4    | Reached skill level 17 in Conjurations
 75554 | Zot:5    | Entered Level 5 of the Realm of Zot
 75782 | Zot:5    | Reached skill level 10 in Armour
 76090 | Zot:5    | Reached skill level 11 in Dodging
 76580 | Zot:5    | Noticed a dread lich
 76589 | Zot:5    | Killed a dread lich
 76603 | Zot:5    | Reached skill level 18 in Conjurations
 76605 | Zot:5    | Noticed an ancient lich
 76607 | Zot:5    | Noticed an orb of fire
 76613 | Zot:5    | Gained mutation: Your body sometimes deteriorates upon
                  | taking damage. [an orb of fire]
 76615 | Zot:5    | Killed an orb of fire
 76622 | Zot:5    | Killed an ancient lich
 76625 | Zot:5    | Noticed a dread lich
 76629 | Zot:5    | Killed a dread lich
 76728 | Zot:5    | Reached skill level 11 in Armour
 77095 | Zot:5    | Reached skill level 19 in Conjurations
 77163 | Zot:5    | Reached skill level 12 in Dodging
 77225 | Zot:5    | Noticed a dread lich
 77231 | Zot:5    | Killed a dread lich
 77446 | Zot:5    | Noticed a dread lich
 77449 | Zot:5    | Killed a dread lich
 77902 | Zot:5    | Got the Orb of Zot
 77949 | Zot:3    | Noticed a seraph
 78035 | Depths:4 | Noticed Cagiliecka the pandemonium lord
 78466 | D:$      | Escaped with the Orb!

Illustrated notes

Levels and vault maps discovered:
D:1:      spicycebolla_arrival_transporter_tutorial, layout_rooms,
          shapermc_ecumenical_altar_mp_vishouse
D:2:      layout_rooms, basic_altar
D:3:      layout_loops_ring, grunt_ministairs_5, kennysheep_donut,
          uniq_crazy_yiuf_cottage, uniq_grinder
D:4:      layout_cave_pods, nicolae_zig_zag_zippers
D:5:      layout_gridville, gammafunk_ghost_stat_death, uniq_sigmund
D:6:      layout_gridville, mainiacjoe_overflow_alcove_1,
          grunt_temple_overflow_octagram, uniq_blork_the_orc
D:7:      layout_loops_ring, minmay_temple_entry_glass, enter_bailey_5
D:8:      layout_gridville, general_overflow_altar, ebering_ghost_inner_flame,
          uniq_grum
D:9:      layout_rooms, david_lair_generic, serial_rivers,
          chequers_serial_rivers_marsh, chequers_serial_rivers_small_3,
          chequers_serial_rivers_marsh, chequers_serial_rivers_micro_b,
          serial_library_hellmonk_hallway_a, serial_bayou_pond_c, uniq_harold
D:10:     cheibrodos_shockbox, layout_loops_ring, uniq_sonja, uniq_joseph
D:11:     layout_stronghold, uniq_josephine
D:12:     layout_roguey, kennysheep_orc_monster_closet_entryway
D:13:     layout_loops_ring, uniq_urug
D:14:     layout_roguey, david_vaults_4, gauntlet_entry_generic,
          infiniplex_staircase_diamond, nrook_pool_corridor,
          hangedman_ru_absence
D:15:     gammafunk_depths_entry_grave, layout_gridville,
          nicolae_vehumet_radiance
Lair:1:   layout_regular_city, gammafunk_ghost_necromancy, disabler_island,
          grunt_megastairs_4, serial_bayou_shore_b, uniq_erica
Lair:2:   beast_lair_carwin_large_1, layout_loops_ring,
          minmay_snake_entry_guardpost_small, serial_bayou_pond_a, st_stairs_11
Lair:3:   layout_cave_shapes, shoals_dummy_entry, infiniplex_staircase_pool
Lair:4:   layout_long_grid, nicolae_slime_entry_field_trip, beast_lair_carwin_8,
          lemuel_fruit_fields
Lair:5:   evilmike_catoblepas_cave, layout_regular_city, enter_volcano_4,
          chequers_serial_rivers_micro_d, infiniplex_staircase_pool_2
Shoals:1: layout_shoals, portal_ice_cave_entry_dragon, serial_shops, shop,
          abandoned_shop, uniq_jorgrun
Shoals:2: nicolae_shoals_lighthouse, layout_shoals, uniq_aizul, uniq_ilsuiw
Shoals:3: layout_shoals, uniq_bai_suzhen
Shoals:4: shoals_end_simple, layout_shoals, uniq_roxanne, uniq_polyphemus
Snake:1:  layout_layer_cave, serial_shops, nicolae_shop_industrial_runoff,
          ebering_ghost_reflecting_pool, serial_bayou_shore_a, uniq_agnes
Snake:2:  layout_chambers, minmay_shop_grove
Snake:3:  layout_layer_cave, nicolae_large_snake_swirl, uniq_vashnia
Snake:4:  grunt_snake_rune_serpentine_throne, layout_rooms
Orc:1:    layout_caves, serial_shops, nicolae_shop_real_fake_doors, basic_altar,
          blackcustard_mines_bat_river
Orc:2:    st_orc_open, layout_caves, serial_shops,
          nicolae_shop_pleasant_corner_grove
Elf:1:    eino_elf_arrival_the_gate, layout_geoelf_diagonals,
          nicolae_trove_entry_free_sample, minmay_elf_demonology
Elf:2:    elven_hall_of_blades_hangedman_original
          [nicolae_blade_entry_diamond_columns], layout_loops_corners,
          portal_desolation_entry_twin_temple, nicolae_elf_stone_circles,
          serial_sigils_hangedman_gnaw, hellmonk_elf_help
Elf:3:    minmay_elf_hall_circle, layout_loops_cross, serial_shops,
          nicolae_shop_bloodbath_and_beyond, nicolae_shop_just_a_little_nook
Vaults:1: vaults_room_door_ring, nicolae_vaults_security_offices_3,
          vaults_room_semicircle, nicolae_vaults_rhombus_6,
          vaults_dpeg_diagonal, layout_vaults_quadrants
Vaults:2: nicolae_vaults_trapezoid_2, nicolae_vaults_diffraction_hallways,
          hangedman_vaults_capsules, v_rooms_2,
          nicolae_vaults_closet_pinwheel_5, nicolae_vaults_network_barrier,
          nicolae_vaults_trapezoid_1, v_misc_31, vaults_room_fours,
          layout_vaults_chaotic_city, serial_shops, shop
Vaults:3: minmay_crypt_entry_simple_round, nicolae_vaults_network_quincunx
          [nicolae_vaults_network_quincunx_subvault,
          nicolae_vaults_network_quincunx_subvault,
          nicolae_vaults_network_quincunx_subvault,
          nicolae_vaults_network_quincunx_subvault,
          nicolae_vaults_network_quincunx_subvault],
          nicolae_vaults_storage_closets_2, nicolae_vaults_closet_pinwheel_5,
          nicolae_vaults_turnstiles, nicolae_vaults_alarming,
          nicolae_vaults_big_ls, nicolae_vaults_mush_room, vaults_dpeg_spiral,
          nicolae_vaults_storage_room_water, ontoclasm_vaults_shuriken,
          layout_vaults_maze, serial_shops,
          nicolae_shop_temple_entry_statues_fountains
Vaults:4: gammafunk_ghost_mausoleum, nicolae_vaults_trapezoid_1, v_misc_29,
          ontoclasm_vaults_eye, nicolae_vaults_stepped_doors, vaults_dpeg_ring,
          v_misc_14, vaults_standard_mumra_enter_the_diamond, v_misc_11,
          blackcustard_rock_pile, nicolae_vaults_specimen_jars, v_misc_11,
          grunt_vaults_hallway_short, vaults_dpeg_cross, layout_vaults_omnibox,
          serial_shops, bzr_in_the_mist
Vaults:5
Crypt:1:  layout_rooms, hellmonk_ghost_big_iron, grunt_crypt_arrival_split,
          uniq_frederick
Crypt:2:  layout_regular_city, ebering_ghost_xom, uniq_vv, uniq_boris,
          uniq_sojobo
Crypt:3:  due_elkab, layout_chaotic_city
Depths:1: layout_gridlike, minmay_door_square, hellmonk_ghost_time_enough,
          hell_entry, grunt_ministairs_12, lemuel_angel_altar, minmay_shop_star
Depths:2: lemuel_minitomb, layout_cave_shapes,
          nicolae_hell_entry_hellmouth_sunbeams, rand_demon_pan_entry_3,
          minmay_staircase_windowed_large
Depths:3: minmay_nine_rooms, layout_gridville, enter_ziggurat_b, hell_entry,
          gammafunk_ghost_wrathful_warriors, minmay_room_of_horrors,
          infiniplex_staircase_pool_1
Depths:4: grunt_crosshair, layout_basic, minivault_14, grunt_hell_entry_dis_old,
          abyss_entry_crystal, serial_shops, shop, grunt_tower_of_power,
          serial_bayou_shore_b, minmay_shoptagon
Zot:1:    layout_gridlike, regret_index_zotdec_twisting_globes
Zot:2:    layout_cathedral_of_symmetry
Zot:3:    layout_cathedral_of_symmetry, regret_index_zot_stipple_split,
          uniq_josephina
Zot:4:    hangedman_snap_crack_crunch, layout_cathedral_of_symmetry,
          hangedman_zot_wheel_spokes
Zot:5:    layout_misc_corridors

Skill      XL: |  1  2  3  4  5  6  7  8  9 10 11 12 13 14 15 16 17 18 19 20 21 22 23 24 25 26 27 |
---------------+----------------------------------------------------------------------------------+-----
Stealth        | 3 |  3.0
Spellcasting   | 3 4 5 7 8 9 11 12 13 15 16 17 18 19 20 | 20.0
Necromancy     | 5 |  5.0
Conjurations   | 3 4 6 7 8 10 11 13 14 15 16 19 | 19.8
Fighting       | 1 2 4 6 7 9 10 11 12 13 14 15 17 19 20 | 20.0
Dodging        | 3 4 5 6 7 9 10 12 | 12.4
Shields        | 2 5 7 8 10 11 12 13 14 15 | 15.0
Alchemy        | 2 5 8 9 10 | 10.0
Armour         | 3 5 6 8 9 11 | 11.7
Earth Magic    | 6 7 10 12 14 15 16 | 16.0
Evocations     | 6 |  6.0
Summonings     | 1 7 10 | 10.0
Invocations    | 5 8 12 15 20 | 20.0

Action                     |  1- 3 |  4- 6 |  7- 9 | 10-12 | 13-15 | 16-18 | 19-21 | 22-24 | 25-27 || total
---------------------------+-------+-------+-------+-------+-------+-------+-------+-------+-------++-------
  Melee: Dagger            |     1 |     3 |    14 |       |       |       |       |       |       ||    18
         Bite              |       |     1 |     6 |     5 |    15 |    92 |    35 |    60 |   111 ||   325
         Spear             |       |       |       |     4 |       |     3 |       |       |       ||     7
         Staff             |       |       |       |     9 |    27 |   203 |    70 |   114 |   131 ||   554
         Lance             |       |       |       |       |       |       |       |       |    50 ||    50
  Throw: Dart              |       |       |       |     2 |     3 |     2 |       |       |       ||     7
   Cast: Necrotise         |    59 |    80 |   278 |    90 |       |       |       |       |       ||   507
         Vampiric Draining |       |     1 |    25 |    18 |       |       |       |       |       ||    44
         Searing Ray       |       |     4 |    23 |   173 |    85 |    51 |       |       |       ||   336
         Fulminant Prism   |       |       |       |    42 |   253 |    41 |       |       |       ||   336
         Bombard           |       |       |       |       |       |   290 |    84 |       |       ||   374
         Irradiate         |       |       |       |       |       |    95 |   104 |    33 |    59 ||   291
         Spellforged Servi |       |       |       |       |       |     4 |    98 |    94 |   147 ||   343
         Stone Arrow       |       |       |       |       |       |       |   372 |       |       ||   372
         Orb of Destructio |       |       |       |       |       |       |    67 |    46 |     2 ||   115
         Lee's Rapid Decon |       |       |       |       |       |       |     4 |    70 |    78 ||   152
         Lehudib's Crystal |       |       |       |       |       |       |       |   321 |   553 ||   874
         Borgnjor's Vile C |       |       |       |       |       |       |       |       |    60 ||    60
         Blink             |       |       |       |       |       |       |       |       |     1 ||     1
         Apportation       |       |       |       |       |       |       |       |       |     2 ||     2
  Evoke: Wand              |       |       |       |     3 |       |     6 |    11 |       |    11 ||    31
         Lightning rod     |       |       |       |       |       |     4 |     4 |       |       ||     8
         Phantom mirror    |       |       |       |       |       |     1 |     1 |       |     3 ||     5
         Box of beasts     |       |       |       |       |       |     1 |     1 |       |     2 ||     4
         Condenser vane    |       |       |       |       |       |     1 |     1 |       |     2 ||     4
    Use: Scroll            |     2 |    10 |     6 |     7 |    10 |    10 |     9 |     7 |    10 ||    71
         Potion            |       |     1 |       |     2 |     1 |     1 |     3 |     1 |     8 ||    17
   Stab: Sleeping          |       |     1 |       |       |       |       |     1 |       |       ||     2
         Distracted        |       |       |     1 |       |       |     1 |       |     1 |     3 ||     6
         Invisible         |       |       |       |       |       |       |       |     2 |     2 ||     4
 Armour: Robe              |     1 |    25 |    57 |       |       |       |       |       |       ||    83
         Leather armour    |       |       |    17 |   341 |    66 |       |       |       |       ||   424
         Acid dragon scale |       |       |       |       |   193 |   375 |   369 |   226 |   421 ||  1584
         Skin              |       |       |       |       |       |       |       |     5 |       ||     5
  Dodge: Dodged            |     2 |    23 |    36 |   185 |   188 |   211 |   232 |   181 |   496 ||  1554
  Block: Kite shield       |       |       |    10 |   298 |   275 |   905 |  1095 |   435 |   654 ||  3672

Table legend: (Time is in decaauts)
 A = Elapsed time spent in this place.
 B = Non-inter-level travel time spent in this place.
 C = Inter-level travel time spent in this place.
 D = Time resting spent in this place.
 E = Time spent auto-exploring this place.
 F = Levels seen in this place.
 G = Mean time per level.
                   A        B        C        D        E       F      G
               +--------+--------+--------+--------+--------+-----+--------+
         Total |  81169 |  73295 |   7874 |  17426 |  38315 |  54 | 1503.1 |
       Dungeon |  17379 |  14621 |   2758 |   2324 |   8270 |  15 | 1158.6 |
          Lair |   6919 |   5972 |    947 |   1019 |   3082 |   5 | 1383.8 |
        Shoals |   5735 |   5161 |    574 |   1784 |   1874 |   4 | 1433.8 |
     Snake Pit |   8447 |   8018 |    429 |   2805 |   3787 |   4 | 2111.8 |
  Orcish Mines |   1800 |   1585 |    215 |    135 |    815 |   2 |  900.0 |
   Elven Halls |   6689 |   6423 |    266 |   2453 |   2727 |   3 | 2229.7 |
        Vaults |   9579 |   8342 |   1237 |    335 |   6205 |   5 | 1915.8 |
         Crypt |   4148 |   3885 |    263 |    438 |   2605 |   3 | 1382.7 |
        Depths |   7421 |   6861 |    560 |    667 |   4655 |   4 | 1855.2 |
           Zot |   8094 |   7472 |    622 |   2993 |   3378 |   5 | 1618.8 |
        Bazaar |    239 |    239 |      0 |      0 |    123 |   1 |  239.0 |
        Bailey |   2766 |   2766 |      0 |   2056 |     13 |   1 | 2766.0 |
    Desolation |   1240 |   1240 |      0 |    143 |    662 |   1 | 1240.0 |
      Gauntlet |    707 |    707 |      0 |    273 |    117 |   1 |  707.0 |
               +--------+--------+--------+--------+--------+-----+--------+

Top non-repeatable levels by time:
 Snake:3: 3506 daAuts
   Elf:3: 3493 daAuts
  Bailey: 2766 daAuts
   Zot:5: 2327 daAuts
 Crypt:3: 2263 daAuts
   Zot:1: 2167 daAuts
Vaults:3: 2129 daAuts
Depths:3: 2102 daAuts
Shoals:2: 2083 daAuts
Depths:2: 2058 daAuts
 Snake:2: 2042 daAuts
Vaults:2: 2009 daAuts
   Zot:2: 2006 daAuts
Vaults:5: 1954 daAuts
Depths:4: 1894 daAuts

Table legend:
 A = Kills in this place as a percentage of kills in the entire game.
 B = Kills by you in this place as a percentage of kills by you in the entire game.
 C = Kills by friends in this place as a percentage of kills by friends in the entire game.
 D = Other kills in this place as a percentage of other kills in the entire game.
 E = Experience gained in this place as a percentage of experience gained in the entire game.
 F = Experience gained in this place divided by the number of levels of this place that you have seen.
                   A       B       C       D       E      F
               +-------+-------+-------+-------+-------+----------------------
         Total | 100.0 | 100.0 | 100.0 | 100.0 | 100.0 | 27455.9
       Dungeon |  16.7 |  20.1 |   1.4 |  11.1 |   4.2 | 4103.7
          Lair |   8.1 |   9.9 |   0.0 |  11.1 |   4.0 | 11721.0
        Shoals |   8.3 |   7.4 |  12.1 |  11.1 |   7.8 | 28778.5
     Snake Pit |   7.7 |   9.2 |   1.1 |   0.0 |   7.1 | 26166.2
  Orcish Mines |   5.2 |   6.4 |   0.0 |   0.0 |   1.4 | 10282.5
   Elven Halls |   6.7 |   5.2 |  12.6 |  33.3 |   8.0 | 39667.7
        Vaults |  15.6 |  13.7 |  24.0 |  33.3 |  21.6 | 64186.6
         Crypt |   6.5 |   5.0 |  13.3 |   0.0 |   7.3 | 36122.0
        Depths |  11.0 |   9.7 |  16.9 |   0.0 |  16.0 | 59333.5
           Zot |   8.6 |   8.3 |  10.3 |   0.0 |  19.2 | 56930.6
        Bailey |   1.3 |   1.6 |   0.0 |   0.0 |   0.1 | 1336.0
    Desolation |   4.0 |   3.1 |   8.2 |   0.0 |   3.3 | 48456.0
      Gauntlet |   0.3 |   0.4 |   0.0 |   0.0 |   0.1 | 2031.0
               +-------+-------+-------+-------+-------+----------------------
